 Dungeon Crawl Stone Soup version 0.31-a0-152-g6aa68a64a1 (webtiles) character file.

Game seed: 7808929222098770964

307 qw the Shooter (level 6, -5/56 HPs)
             Began as a Naga Hunter on June 10, 2023.
             Slain by a black bear (8 damage)
             ... on level 4 of the Dungeon.
             The game lasted 00:00:55 (2688 turns).

qw the Shooter (Naga Hunter)                        Turns: 2688, Time: 00:00:55

Health: -5/56      AC:  7    Str: 19    XL:     6   Next: 40%
Magic:  6/6        EV:  9    Int:  9    God:
Gold:   152        SH:  0    Dex: 17    Spells: 5/5 levels left

rFire   + . .        Y - +0 shortbow
rCold   . . .        (shield currently unavailable)
rNeg    . . .        a - +2 leather armour {rF+}
rPois   +            h - +2 hat
rElec   .            (no cloak)
rCorr   .            (no gloves)
SInv    +            (no barding)
Will    .....        (no amulet)
Stlth   ++           e - +6 ring of strength
HPRegen 0.29/turn    (no ring)
MPRegen 0.10/turn

%: no passive effects
@: short of breath, very slow
A: AC +2, large, see invisible, deformed body, poison resistance, slowness 2,
spit poison 1, naga tail 1
a: Spit Poison


You were on level 4 of the Dungeon.
You visited 1 branch of the dungeon, and saw 4 of its levels.

You collected 152 gold pieces.


Innate Abilities, Weirdness & Mutations

Your serpentine skin is tough. (AC +2)
You have supernaturally acute eyesight. (SInv)
Armour fits poorly on your strangely shaped body.
Your system is resistant to poisons. (rPois)
You cover ground very slowly.
You can spit poison.
You have a snake-like lower body.


   Skills:
 - Level 3.4 Fighting
 - Level 6.3 Ranged Weapons
 + Level 1.5 Dodging
 - Level 1.5 Stealth


You had 5 spell levels left.
You didn't know any spells.
Your spell library was empty.

Inventory:

Hand Weapons
 Y - a +0 shortbow (weapon)
Armour
 a - a +2 leather armour of fire resistance (worn)
 h - a +2 hat (worn)
Jewellery
 e - a +6 ring of strength (left hand)
Scrolls
 b - a scroll of identify {unknown}
 f - 2 scrolls of enchant armour
Potions
 c - a potion of mutation {unknown}
 d - 3 potions of curing {unknown}
 g - a potion of lignification {unknown}
 i - a potion of enlightenment {unknown}

Dungeon Overview and Level Annotations

Branches:
Dungeon (4/15)
 Temple: D:4-7

Altars:

Shops:
D:2 :


Message History

You shoot an arrow. The arrow hits the black bear.
The black bear is moderately wounded.
The black bear bites you. The black bear claws you.
The black bear claws you but does no damage.
You shoot an arrow.
The arrow hits the black bear but does no damage.
The black bear is moderately wounded.
The black bear bites you.
The black bear claws you but does no damage. x2
You shoot an arrow. The arrow hits the black bear.
The black bear is heavily wounded.
You have got your breath back.
The black bear bites you.
The black bear claws you but does no damage.
The black bear claws you.
2685 ||| INVOKING Spit Poison.
Aiming: Spit Poison (1% risk of failure)
Press: ? - help, Shift-Dir - straight line, f/p - black bear The splash of poison hits the black bear!
The black bear is poisoned.
The black bear is severely wounded.
The black bear goes berserk!
You shoot an arrow. The arrow hits the black bear.
The black bear is almost dead.
The black bear bites you but does no damage.
The black bear claws you. The black bear barely misses you.
You shoot an arrow.
The arrow closely misses the black bear.
The black bear bites you. The black bear claws you.
The black bear claws you but does no damage.
The black bear bites you.
The black bear claws you but does no damage.
The black bear claws you.
You shoot an arrow.
The arrow hits the black bear but does no damage.
The black bear is almost dead.
The black bear bites you. The black bear claws you.
The black bear claws you but does no damage.
The black bear bites you!
You die...

##.##........#.#'##.
....#.....#........#
.#.........###.#....#
..###.#...###.#....# ###
+...........##+### ....
##+###......# . .....
#....#......# ....
......#........##.##....
......h@...###.##.......
.....#...............##.
...................#....
.%.#.....#.###[##.......
.. #.....#.#<#)##.....#.
. #..#....)..[.#.....#.
..........[(.........
......................
............#.##...


You could see a black bear (berserk, poisoned).

Vanquished Creatures
  An ogre (D:4)
  A howler monkey (D:4)
  A hound (D:4)
  2 iguanas (D:4)
  2 adders
  A worm (D:3)
  2 dart slugs
  12 orcs
  8 ball pythons
  6 bats
  8 endoplasms
  3 giant cockroaches
  2 goblins (D:2)
  2 hobgoblins
  3 quokkas
  4 frilled lizards
  A kobold (D:1)
  5 rats
64 creatures vanquished.

Notes
Turn   | Place    | Note
-------+----------+-------------------------------------------
     0 | D:1      | qw the Naga Hunter began the quest for the Orb.
     0 | D:1      | Reached XP level 1. HP: 19/19 MP: 1/1
     0 | D:1      | 0 ||| qw: Version: 0.2-a-122-gbc61b45
     0 | D:1      | 0 ||| qw: Game counter: 3582
     0 | D:1      | 0 ||| qw: Always use a shield: true
     0 | D:1      | 0 ||| qw: God list: Okawaru
     0 | D:1      | 0 ||| qw: Allow faded altars: false
     0 | D:1      | 0 ||| qw: Do Orc after D:15 true
     0 | D:1      | 0 ||| qw: Do second Lair branch before Depths: true
     0 | D:1      | 0 ||| qw: Lair rune preference: random
     0 | D:1      | 0 ||| qw: Plans: Normal
     0 | D:1      | 0 ||| PLANNING D:1-11
    42 | D:1      | 42 ||| INVOKING Spit Poison.
    46 | D:1      | 46 ||| INVOKING Spit Poison.
    54 | D:1      | 54 ||| INVOKING Spit Poison.
    60 | D:1      | Reached skill level 4 in Ranged Weapons
    60 | D:1      | Reached XP level 2. HP: 25/26 MP: 2/2
   103 | D:1      | 103 ||| INVOKING Spit Poison.
   129 | D:1      | 129 ||| INVOKING Spit Poison.
   148 | D:1      | 148 ||| INVOKING Spit Poison.
   152 | D:1      | 152 ||| INVOKING Spit Poison.
   156 | D:1      | 156 ||| INVOKING Spit Poison.
   235 | D:1      | 235 ||| INVOKING Spit Poison.
   258 | D:1      | 258 ||| INVOKING Spit Poison.
   300 | D:1      | 300 ||| INVOKING Spit Poison.
   304 | D:1      | 304 ||| INVOKING Spit Poison.
   375 | D:1      | 375 ||| INVOKING Spit Poison.
   454 | D:1      | 454 ||| INVOKING Spit Poison.
   455 | D:1      | Reached XP level 3. HP: 32/32 MP: 3/3
   491 | D:1      | 491 ||| INVOKING Spit Poison.
   534 | D:1      | 534 ||| INVOKING Spit Poison.
   539 | D:1      | 539 ||| INVOKING Spit Poison.
   545 | D:1      | 545 ||| INVOKING Spit Poison.
   546 | D:1      | 546 ||| INVOKING Spit Poison.
   577 | D:1      | 577 ||| INVOKING Spit Poison.
   871 | D:1      | 871 ||| UPGRADING to +2 hat.
   876 | D:1      | 876 ||| UPGRADING to +6 ring of strength.
   877 | D:1      | 877 ||| READING scroll labelled VULUN COSIY.
   878 | D:1      | 878 ||| READING scroll labelled EPOAJAUJUANG.
   879 | D:1      | 879 ||| DROPPING scroll of butterflies.
  1002 | D:2      | 1002 ||| INVOKING Spit Poison.
  1008 | D:2      | 1008 ||| INVOKING Spit Poison.
  1009 | D:2      | Found Wirid's Book Shoppe.
  1027 | D:2      | 1027 ||| INVOKING Spit Poison.
  1031 | D:2      | 1031 ||| INVOKING Spit Poison.
  1034 | D:2      | 1034 ||| INVOKING Spit Poison.
  1047 | D:2      | Found a faded altar of an unknown god.
  1307 | D:2      | 1307 ||| INVOKING Spit Poison.
  1775 | D:2      | 1775 ||| UPGRADING to +2 leather armour of fire resistance.
  1785 | D:2      | 1785 ||| DROPPING +0 leather armour.
  1812 | D:3      | 1812 ||| INVOKING Spit Poison.
  1817 | D:3      | 1817 ||| INVOKING Spit Poison.
  1818 | D:3      | Reached skill level 5 in Ranged Weapons
  1818 | D:3      | Reached XP level 4. HP: 39/39 MP: 4/4
  1824 | D:3      | 1824 ||| INVOKING Spit Poison.
  1854 | D:3      | 1854 ||| INVOKING Spit Poison.
  1861 | D:3      | 1861 ||| INVOKING Spit Poison.
  2369 | D:3      | 2369 ||| DROPPING +6 ring of intelligence.
  2370 | D:3      | 2370 ||| DROPPING ring of flight.
  2371 | D:3      | 2371 ||| READING scroll labelled ZEOXKU XIQYS.
  2372 | D:3      | 2372 ||| DRINKING 2 fizzy coppery potions.
  2395 | D:4      | 2395 ||| INVOKING Spit Poison.
  2398 | D:4      | 2398 ||| INVOKING Spit Poison.
  2403 | D:4      | 2403 ||| INVOKING Spit Poison.
  2407 | D:4      | 2407 ||| INVOKING Spit Poison.
  2411 | D:4      | 2411 ||| INVOKING Spit Poison.
  2416 | D:4      | 2416 ||| INVOKING Spit Poison.
  2417 | D:4      | 2417 ||| INVOKING Spit Poison.
  2419 | D:4      | HP: 10/40 [orc/+0 club (2)]
  2420 | D:4      | 2420 ||| DRINKING potion of heal wounds.
  2422 | D:4      | 2422 ||| INVOKING Spit Poison.
  2427 | D:4      | 2427 ||| INVOKING Spit Poison.
  2428 | D:4      | 2428 ||| FLEEEEING.
  2429 | D:4      | 2429 ||| STAIRDANCE
  2496 | D:4      | 2496 ||| INVOKING Spit Poison.
  2565 | D:4      | 2565 ||| INVOKING Spit Poison.
  2571 | D:4      | 2571 ||| INVOKING Spit Poison.
  2572 | D:4      | Reached skill level 3 in Fighting
  2572 | D:4      | Reached XP level 5. HP: 35/49 MP: 5/5
  2621 | D:4      | 2621 ||| INVOKING Spit Poison.
  2669 | D:4      | Noticed an ogre
  2671 | D:4      | 2671 ||| INVOKING Spit Poison.
  2674 | D:4      | 2674 ||| INVOKING Spit Poison.
  2677 | D:4      | 2677 ||| INVOKING Spit Poison.
  2679 | D:4      | Noticed a black bear
  2680 | D:4      | 2680 ||| INVOKING Spit Poison.
  2680 | D:4      | Killed an ogre
  2681 | D:4      | Reached skill level 6 in Ranged Weapons
  2681 | D:4      | Reached XP level 6. HP: 46/56 MP: 6/6
  2685 | D:4      | 2685 ||| INVOKING Spit Poison.
  2687 | D:4      | HP: 10/56 [black bear (6)]
  2688 | D:4      | HP: 4/56 [black bear (6)]
  2688 | D:4      | Slain by a black bear

Levels and vault maps discovered:
D:1:      minmay_arrival_loop, layout_basic, hangedman_decor_peaks_small
D:2:      layout_basic, serial_shops, shop, basic_ecumenical_altar
D:3:      layout_basic
D:4:      layout_basic, gammafunk_temple_overflow_pools, vehumet_statue,
          temple_pool_b

Skill      XL: |  1  2  3  4  5 |
---------------+----------------+-----
Ranged Weapons | 4 5 6 |  6.3
Fighting       | 3 |  3.4
Dodging        | |  1.5
Stealth        | |  1.5

Action                     |  1- 3 |  4- 6 || total
---------------------------+-------+-------++-------
   Fire: Shortbow          |    71 |    75 ||   146
Ability: Spit Poison       |    27 |    20 ||    47
    Use: Scroll            |     2 |     1 ||     3
         Potion            |       |     2 ||     2
 Armour: Leather armour    |     5 |    33 ||    38
  Dodge: Dodged            |    14 |    29 ||    43

Table legend:
 A = Non-vault XP
 B = Vault XP
 C = Vault XP percentage of total XP
 D = Non-vault monster count
 E = Vault monster count
 F = Vault count percentage of total count
                 A         B        C        D         E       F
            +---------+---------+-------+---------+---------+-------
      Total |     439 |       0 |   0.0 |      64 |       0 |   0.0
            +---------+---------+-------+---------+---------+-------
        D:1 |      43 |       0 |   0.0 |      26 |       0 |   0.0
        D:2 |      27 |       0 |   0.0 |       9 |       0 |   0.0
        D:3 |      44 |       0 |   0.0 |      14 |       0 |   0.0
        D:4 |     325 |       0 |   0.0 |      15 |       0 |   0.0
            +---------+---------+-------+---------+---------+-------
